Map: Romanticide LE

Players

TripleOSeven

  • Race: Terran Terran

ViBE - Winner!

  • Race: Protoss Protoss
  • League: Diamond

VOD

Have the link to the VOD?

Description

Time

  • Played on: April 12, 2021, 1:10 a.m.
  • Length: 8:29
Show
View Real Time Build Order
Export as new Build Order

TripleOSeven Terran 

Build Orders: 2 Factory 

Get SALT Encoding   

  12  0:00  SCV  
  13  0:12  SCV  
  14  0:24  SCV  
  14  0:25  Supply Depot  
  15  0:46  SCV  
  15  0:47  Barracks  
  15  0:48  Refinery  
  16  0:58  SCV  
  17  1:10  SCV  
  18  1:15  Barracks  
  18  1:21  Supply Depot  
  18  1:33  Orbital Command  
  18  1:36  Reaper  
  19  1:59  SCV  
  20  2:18  SCV  
  20  2:20  Marine x2  
  20  2:22  Factory  
  23  2:28  Command Center  
  23  2:31  Factory  
  23  2:37  SCV  
  23  2:39  Marine  
  23  2:40  Marine  
  26  2:45  Supply Depot  
  26  2:57  Marine  
  27  2:59  SCV  
  27  3:00  Marine  
  28  3:11  SCV  
  29  3:21  Starport  
  29  3:23  SCV, Bunker  
  32  3:27  Widow Mine  
  32  3:35  SCV, Refinery  
  32  3:39  Orbital Command  
  33  3:46  Supply Depot  
  33  3:47  SCV, Marine  
  35  3:52  Marine  
  36  3:58  Widow Mine  
  36  3:59  SCV  
  36  4:00  Medivac  
  41  4:06  SCV  
  42  4:12  SCV  
  43  4:17  Marine x2  
  43  4:18  SCV  
  43  4:19  Widow Mine  
  43  4:24  SCV  
  49  4:30  SCV  
  52  4:36  SCV  
  52  4:37  Barracks Tech Lab  
  51  4:38  Starport Reactor  
  51  4:42  Factory Tech Lab  
  51  4:43  Barracks Tech Lab  
  52  4:52  SCV  
  52  4:53  SCV  
  52  4:57  Stimpack  
  52  4:59  Marauder  
  55  5:05  SCV x2  
  55  5:06  Marauder  
  59  5:10  Refinery  
  59  5:11  Factory Reactor  
  59  5:13  Engineering Bay  
  59  5:15  Engineering Bay  
  59  5:17  SCV x2  
  59  5:20  Supply Depot  
  59  5:21  Supply Depot  
  61  5:23  Barracks  
  61  5:28  Barracks  
  61  5:29  SCV  
  61  5:33  Refinery  
  62  5:42  SCV, Medivac  
  65  5:44  SCV  
  65  5:49  Combat Shield  
  66  5:54  SCV  
  66  5:56  SCV  
  58  5:59  Terran Infantry Weapons Level 1  
  58  6:06  SCV  
  58  6:07  Marauder x2  
  58  6:08  Command Center  
  63  6:13  SCV  
  63  6:17  Terran Infantry Armor Level 1, Supply Depot  
  63  6:18  SCV  
  65  6:25  Marauder  
  67  6:26  Barracks  
  67  6:28  Marine x2  
  67  6:32  SCV x2  
  71  6:35  Supply Depot  
  71  6:37  Concussive Shells  
  71  6:38  Factory Reactor  
  71  6:40  Supply Depot  
  71  6:42  Marauder x2  
  71  6:47  Marauder, Marine  
  77  6:48  Marine  
  79  6:57  Medivac x2  
  83  7:02  SCV x2  
  85  7:08  Supply Depot, Marine  
  85  7:09  Supply Depot, Marine  
  85  7:10  Marauder  
  85  7:14  Marine  
  90  7:19  SCV x2  
  90  7:20  Marine  
  93  7:26  Marine x2  
  95  7:31  Missile Turret, Marauder  
  77  7:45  Marine x5  
  77  7:46  Marauder  
  72  7:53  Marauder  
  68  8:03  Marine  
  68  8:04  Marauder  
  64  8:07  Marauder  
Show
View Real Time Build Order
Export as new Build Order

ViBE Protoss - Winner!

Build Orders: 1 Gate Expand, Blink Stalkers 

Get SALT Encoding   

  12  0:00  Probe  
  13  0:12  Probe  
  14  0:17  Pylon  
  14  0:24  Probe  
  15  0:35  Gateway  
  15  0:38  Probe (Chrono Boost)  
  16  0:44  Assimilator  
  16  0:49  Probe (Chrono Boost)  
  17  0:54  Probe  
  18  1:02  Pylon  
  18  1:06  Probe  
  19  1:18  Probe  
  20  1:32  Probe  
  21  1:33  Nexus  
  21  1:38  Cybernetics Core  
  21  1:44  Probe  
  22  1:55  Assimilator  
  22  1:56  Pylon  
  22  1:58  Probe  
  23  2:13  Stalker (Chrono Boost)  
  25  2:15  Warp Gate  
  25  2:21  Probe  
  26  2:28  Pylon  
  26  2:33  Probe  
  27  2:37  Pylon  
  27  2:39  Stalker  
  29  2:46  Probe (Chrono Boost)  
  29  2:47  Probe (Chrono Boost)  
  31  2:59  Probe x2 (Chrono Boost)  
  33  3:09  Probe x2  
  35  3:20  Stalker  
  35  3:21  Probe x2  
  35  3:24  Twilight Council  
  39  3:29  Gateway  
  39  3:32  Gateway  
  39  3:33  Probe (Chrono Boost)  
  41  3:38  Probe (Chrono Boost)  
  41  3:44  Probe (Chrono Boost)  
  41  3:46  Pylon  
  41  3:48  Probe (Chrono Boost)  
  43  3:49  Probe (Chrono Boost)  
  44  3:55  Stalker  
  44  3:56  Blink (Chrono Boost)  
  44  3:58  Probe  
  44  4:00  Probe  
  48  4:10  Probe  
  48  4:12  Probe  
  48  4:15  Nexus  
  50  4:19  Pylon  
  50  4:24  Probe  
  50  4:25  Probe  
  50  4:30  Stalker x2  
  56  4:37  Probe x2  
  58  4:41  Pylon  
  58  4:44  Stalker  
  60  4:49  Probe x2  
  62  4:53  Robotics Facility  
  62  4:57  Pylon  
  62  5:00  Pylon  
  62  5:01  Probe x2  
  62  5:02  Stalker  
  66  5:13  Probe x2  
  68  5:17  Stalker  
  68  5:18  Pylon  
  68  5:20  Stalker  
  72  5:31  Probe  
  72  5:32  Probe x2  
  72  5:33  Gateway  
  72  5:34  Gateway  
  75  5:40  Charge (Chrono Boost)  
  75  5:44  Observer  
  75  6:06  Gateway  
  75  6:07  Gateway  
  75  6:11  Gateway  
  75  6:14  Gateway  
  75  6:15  Gateway  
  75  6:16  Gateway  
  75  6:17  Gateway, Warp Prism  
  77  6:18  Gateway  
  77  6:25  Zealot x3  
  83  6:33  Pylon  
  83  6:37  Pylon  
  83  6:41  Pylon  
  83  6:42  Pylon  
  83  6:48  Zealot  
  83  6:49  Zealot x4, Pylon  
  93  6:56  Probe  
  94  7:03  Pylon  
  94  7:08  Pylon  
  94  7:09  Zealot  
  94  7:10  Zealot x7  
  110  7:19  Templar Archives  
  110  7:29  Nexus  
  84  7:45  Zealot x10  
  84  7:46  Zealot  
  96  7:59  Zealot  
  98  8:05  Zealot  
  98  8:06  Zealot x7  
  98  8:08  Zealot  
  116  8:10  Zealot  
Tags
 
Add a new tag
Caveats
  • Supply blocks, unpowered buildings, or Contaminate may cause inaccurate times.
  • Supply counts are checked every 10 seconds.